AoeStats
← Rupi the wise

Lombardia

510171392Analyzed
4v4 RM · 4d ago on Sep 29, 2026· 41m 37s· 8 players
Game mode
Random Map
Map size
Large (8 player)
Population
200
Speed
Normal
Resources
Standard
Victory
Conquest
Starting age
Dark Age
Ending age
Imperial Age
RankedLock teamsTeams togetherTeam positionsShared explorationLock speedFull tech treeHidden civsTurbo modeCheats
Victory
Defeat
🇦🇷 Danes · Argentina
1079
+14
🇦🇷 Varangians · Argentina
1057
+15
🇦🇷 Mongols · Argentina
1002
+17
🇦🇷 Britons · Argentina
980
+17
🇩🇪 Vietnamese · Germany
1062
-17
🇩🇪 Persians · Germany
1052
-17
🇩🇪 Persians · Germany
1029
-16
🇩🇪 Persians · Germany
963
-13
monkaw
WeLoveRust
7:50 Loom
11:24 Feudal Age
16:17 Castle Age
16:50 Double-Bit Axe
17:06 Stone Mining
18:28 Wheelbarrow
24:45 Bow Saw
28:46 Gold Mining
33:04 Imperial Age
30:50 Scale Barding Armor
32:59 Elite War Elephant
35:10 Chain Barding Armor
35:01 Forging
37:06 Citadels
41:36 Plate Barding Armor
Randomly10
2:02 Loom
11:08 Feudal Age
15:47 Castle Age
14:26 Double-Bit Axe
15:15 Gold Mining
16:53 Horse Collar
17:33 Fletching
18:57 Scale Barding Armor
19:48 Padded Archer Armor
25:00 Wheelbarrow
29:10 Leather Archer Armor
28:50 Bodkin Arrow
TopicKilleR
11:20 Feudal Age
10:12 Loom
15:51 Castle Age
elrudy
9:24 Loom
11:11 Feudal Age
15:33 Castle Age
16:01 Forging
15:51 Scale Mail Armor
26:41 Squires
28:40 Arson
28:49 Fletching
29:18 Gambesons
33:01 Wheelbarrow
35:02 Iron Casting
38:21 Chain Mail Armor
38:17 Hamask
nicopizzini92
10:06 Loom
11:53 Feudal Age
12:04 Feudal Age
13:51 Double-Bit Axe
16:54 Castle Age
15:24 Fletching
16:59 Gold Mining
17:00 Horse Collar
19:28 Bow Saw
25:14 Crossbowman
27:18 Yeomen
27:22 Squires
37:09 Imperial Age
38:20 Capped Ram
38:32 Capped Ram
39:32 Arbalester
Rupi the wise
12:03 Feudal Age
16:28 Castle Age
15:09 Double-Bit Axe
15:12 Loom
15:32 Horse Collar
19:02 Gold Mining
24:07 Bow Saw
24:53 Wheelbarrow
25:31 Stone Mining
26:17 Husbandry
26:28 Bloodlines
27:43 Hand Cart
33:02 Scale Barding Armor
33:08 Forging
39:23 Imperial Age
37:03 Heavy Plow
36:57 Light Cavalry
ferrossi405
3:41 Loom
11:38 Feudal Age
15:55 Castle Age
14:37 Double-Bit Axe
16:09 Horse Collar
22:06 Heavy Plow
26:31 Bloodlines
26:23 Husbandry
27:04 Forging
28:26 Scale Barding Armor
31:06 Iron Casting
30:52 Chain Barding Armor
31:37 Town Watch
32:28 Wheelbarrow
32:42 Town Patrol
33:04 Bow Saw
32:50 Gold Mining
36:42 Imperial Age
38:34 Conscription
39:55 Hand Cart
40:30 Fletching
42:32 Blast Furnace
Connection lost

Rejoining the realm…

Still unreachable

The connection could not be restored.

Session expired

The server has moved on; the page needs a fresh start.